 Dungeon Crawl Stone Soup version 0.30-a0-605-gb2882149bf (webtiles) character file.

Game seed: 15696642405155999149

339019 holysushi the Slayer (level 21, -14/250 HPs)
             Began as an Ogre Berserker on Jan 7, 2023.
             Was the Champion of Trog.
             Demolished by an ironbound frostheart (25 damage)
             ... on level 2 of the Vaults on Jan 8, 2023.
             The game lasted 01:43:52 (54926 turns).

holysushi the Slayer (Ogre Berserker)              Turns: 54926, Time: 01:43:53

Health: -14/250    AC:  9    Str: 27    XL:     21   Next: 95%
Magic:  21/21      EV: 30    Int:  8    God:    Trog [******]
Gold:   2052       SH:  0    Dex: 22    Spells: 20/20 levels left

rFire   . . .      SeeInvis .    a - +6 giant club (vamp)
rCold   . . .      Faith    .    (shield currently unavailable)
rNeg    . . .      Spirit   .    l - +4 troll leather armour
rPois   .          Reflect  .    (helmet restricted)
rElec   .          Harm     .    U - scarf {repulsion}
rCorr   .          Rampage  .    (gloves unavailable)
Will    ++...                    (boots unavailable)
Stlth   +++                      J - amulet of regeneration
HPRegen 2.21/turn                C - +5 ring of evasion
MPRegen 0.17/turn                s - +6 ring of dexterity

@: lethally poisoned (-14 -> -15), marked, repel missiles
A: large, unfitting armour, tough skin 1, talons 1, wild magic 1
}: 2/15 runes: serpentine, barnacled
a: Renounce Religion, Berserk, Trog's Hand, Brothers in Arms


You were on level 2 of the Vaults.
You worshipped Trog.
Trog was exalted by your worship.
You visited 7 branches of the dungeon, and saw 35 of its levels.
You visited the Abyss 3 times.
You also visited: Ossuary and Ice Cave.

You collected 3996 gold pieces.
You spent 1944 gold pieces at shops.

Inventory:

Hand Weapons
 a - a +6 vampiric giant club (weapon)
 b - the +10 dark maul {heavy}
   (You took it off a deep elf zephyrmancer on level 3 of the Elven Halls)
 c - a +6 antimagic giant spiked club
Missiles
 t - 35 large rocks (quivered)
 E - 11 throwing nets
Armour
 l - a +4 troll leather armour (worn)
 P - +0 ice dragon scales
 R - +0 fire dragon scales
 U - a scarf of repulsion (worn)
Jewellery
 n - the ring of the King {rN+ Str+4 Int+3 SInv}
   (You took it off a deep elf zephyrmancer on level 3 of the Elven Halls)

   [ring of positive energy]

   Str:       It affects your strength (+4).
   Int:       It affects your intelligence (+3).
   rN:        It protects you from negative energy.
   SInv:      It lets you see invisible.
 s - a +6 ring of dexterity (right hand)
 B - the ring "Ydwuel" {Fly rC+ Stlth+}
   (You took it off a merfolk aquamancer on level 4 of the Shoals)

   [ring of flight]

   rC:        It protects you from cold.
   Fly:       It grants you flight.
   Stlth:     It makes you more stealthy.
 C - a +5 ring of evasion (left hand)
 G - a ring of protection from cold
 I - the ring "Oqoenafe" {Fire *Corrode rElec Int+6}
   (You took it off a deep elf knight on level 3 of the Elven Halls)

   [ring of fire]

   It enhances your fire magic.
   Int:       It affects your intelligence (+6).
   rF:        It protects you from fire.
   rC:        It makes you vulnerable to cold.
   rElec:     It insulates you from electricity.
   *Corrode:  It may corrode you when you take damage.
 J - an amulet of regeneration (around neck)
 X - a ring of willpower
 Z - the ring of Jeraodon {*Corrode rElec rPois rC+ Str+9}
   (You took it off a reaper in an ice cave)

   [ring of protection from cold]

   Str:       It affects your strength (+9).
   rC:        It protects you from cold.
   rElec:     It insulates you from electricity.
   rPois:     It protects you from poison.
   *Corrode:  It may corrode you when you take damage.
Wands
 g - a wand of paralysis (32)
 m - a wand of mindburst (25)
 o - a wand of flame (44)
 M - a wand of digging (6)
 N - a wand of iceblast (25)
 Q - a wand of acid (16)
Scrolls
 f - a scroll of silence
 h - 5 scrolls of immolation
 v - a scroll of enchant armour
 L - 5 scrolls of teleportation
 S - 2 scrolls of fog
 V - 8 scrolls of identify
 W - 4 scrolls of vulnerability
Potions
 e - 6 potions of flight
 i - a potion of heal wounds
 j - 21 potions of curing
 k - 5 potions of might
 p - 8 potions of ambrosia
 r - 5 potions of attraction
 u - 4 potions of resistance
 w - 4 potions of lignification
 x - 6 potions of cancellation
 D - 7 potions of invisibility
 H - 5 potions of mutation
 T - 2 potions of berserk rage
 Y - 2 potions of haste
Miscellaneous
 d - a box of beasts
 q - a phial of floods
 y - a condenser vane
 A - a lightning rod (4/4)
 K - a phantom mirror


   Skills:
 + Level 23.4 Fighting
 * Level 23.3 Maces & Flails
 + Level 4.4 Throwing
 - Level 1.0 Armour
 * Level 20.3 Dodging
 - Level 5.0 Stealth
 - Level 2.0 Evocations


You had 20 spell levels left.
You didn't know any spells.
Your spell library was empty.

Dungeon Overview and Level Annotations

Branches:
Dungeon (15/15) Zot: 25390  Temple (0/1) D:4            Lair (5/5) D:8 Zot: 19512
 Shoals (4/4) Lair:2 Zot: 18967   Snake (4/4) Lair:2 Zot: 14921   Slime (0/5) Lair:5
    Orc (2/2) D:10 Zot: 9534     Elf (3/3) Orc:2 Zot: 12792  Vaults (2/5) D:13 Zot: 10781
 Depths (0/4) D:15        Ossuary (visited)           IceCv (visited)
  Crypt: Vaults:2-3

Altars:
Cheibriados
Dithmenos
Fedhas
Gozag
Makhleb
Qazlal
Vehumet
Xom
The Shining One

Shops:
D:6 =*(!?   D:13 ([(   D:14 *   Orc:1 *   Orc:2 **[*   Elf:1 *:   Elf:2 *
Elf:3 :((   Snake:3 =:=(?   Snake:4 (

Portals:
Trove: D:10 (give 6 scrolls of blinking)

Annotations:
D:7 2 transporters, whiskeysaurus's ghost, novice GnWr
D:12 1 runed translucent door
D:14 3 runed translucent doors, Atuuduag's ghost, journeyman OgGl; Nozufem's ghost, journeyman MiAr; Pijotal's ghost, journeyman DjEE
Snake:1 3 runed translucent doors, Kirke
Orc:1 exclusion: downstairs
Elf:2 3 runed translucent doors, exclusion: obsidian statue, Veekh's ghost, adept DjHW
Vaults:1 1 transporter, Zenata


Innate Abilities, Weirdness & Mutations

You are too large for most types of armour.
You have tough skin. (AC +1)
You have sharp toenails.
Your spells are a little harder to cast, but a little more powerful.


Message History

Trog accepts your kill.
Trog appreciates your killing of a magic user.
Trog grants you a weapon! Something appears at your feet!
You see here a +7 giant club of flaming.
The runic seals fade away.
You barely miss the vault guard.
You claw the vault guard, but do no damage.
The vault guard closely misses you.
You barely miss the vault guard.
The vault guard hits you with a +2 great mace of venom!
The ironbound convoker gestures at the ironbound convoker while chanting.
The ironbound convoker seems to grow stronger.
You bludgeon the ironbound frostheart!!
You feel better.
You claw the ironbound frostheart!
The ironbound frostheart is heavily wounded.
The vault guard hits you with a +2 great mace of venom!
You are poisoned.
The ironbound frostheart touches you!!
* * * LOW HITPOINT WARNING * * *
The ironbound frostheart freezes you!
* * * LOW HITPOINT WARNING * * *
You feel very sick.
The ironbound convoker points at the ironbound convoker and mumbles some strange words.
The ironbound convoker seems to grow stronger.
The vault sentinel blows a loud note on a signal horn!
The ironbound frostheart attacks as you move away!
The ironbound frostheart touches you!
* * * LOW HITPOINT WARNING * * *
The ironbound frostheart freezes you!
* * * LOW HITPOINT WARNING * * *
You feel very sick.
Okay, then.
As you read the scroll of summoning, it crumbles to dust.
Wisps of shadow whirl around you...
You feel sick.
The ironbound convoker hits your lindwurm with a +0 mace!!
The ironbound frostheart touches you!
* * * LOW HITPOINT WARNING * * *
The ironbound frostheart freezes you!!
You die...

###........##
#............
###........#
#.).p.p......
######)######'####
############k...†p# .p
#..........#...pp.# .p.
###..........#.Opk..#
..
..#......(...#..@p..# .
#.#..........#.....k#
..#..........+......#
#.#..........#......#
..#..........####+#####
###..........# #......#
#.#..........# #......#
#.'..........# #......#
..#..........# #......#


You could see a vault guard (ally target), an ironbound frostheart (strong), a
vault sentinel, 2 ironbound convokers, a friendly ironbound thunderhulk
(summoned) and 3 friendly lindwurms.

Vanquished Creatures
  Nikola (Shoals:2)
  A bone dragon (Abyss:3)
  Jorgrun (D:15)
  A titan (Shoals:4)
  2 deep elf blademasters (Elf:3)
  5 krakens
  Frances (D:12)
  6 tentacled starspawn (Abyss:3)
  Roxanne (Snake:1)
  7 nagarajas
  10 deep elf sorcerers (Elf:3)
  A vault warden (Vaults:2)
  Aizul (Snake:1)
  7 deep elf elementalists
  2 orc warlords
  3 very ugly things (Abyss:3)
  3 ironbound preservers
  4 reapers
  A juggernaut skeleton (Abyss:3)
  3 ironbound thunderhulks
  3 deep elf demonologists
  A stone giant (D:11)
  4 dire elephants (Vaults:2)
  8 deep elf annihilators
  An eidolon (Abyss:3)
  3 fire dragons
  7 deep elf death magi
  6 merfolk javelineers
  12 merfolk impalers
  4 deep elf high priests (Elf:3)
  A great orb of eyes (Vaults:2)
  4 yaktaur captains
  Erolcha (D:9)
  9 hydras
  5 ogre magi
  An ice dragon (D:15)
  A rakshasa (D:15)
  A vault guard (Vaults:2)
  4 salamander tyrants
  3 catoblepae
  10 centaur warriors
  5 anacondas
  11 merfolk aquamancers
  6 ironbound frosthearts
  3 boulder beetles
  19 naga warriors
  27 two-headed ogres
  25 dancing weapons
  2 tengu warriors
  3 satyrs
  14 naga sharpshooters
  6 death yaks
  2 thrashing horrors (Abyss:3)
  2 orc high priests
  A wretched star (Abyss:3)
  5 shock serpents
  Amaemon (Lair:1)
  23 deep elf knights
  A fire crab (Lair:5)
  14 sea snakes
  3 salamander mystics
  2 glowing orange brains (Abyss:3)
  A flayed ghost (Abyss:3)
  18 deep elf archers
  A sea snake (shapeshifter) (D:12)
  4 naga ritualists
  11 deep trolls
  An obsidian statue (IceCv)
  A bog body (IceCv)
  An orange crystal statue (IceCv)
  2 spriggan simulacra (IceCv)
  25 deep elf zephyrmancers
  Pikel (D:6)
  6 starcursed masses (Abyss:3)
  4 wizards
  2 ironbound convokers (Vaults:2)
  3 lindwurms (Vaults:1)
  14 harpies
  3 orc sorcerers
  11 mana vipers
  7 cyclopes
  A necromancer (D:11)
  36 deep elf pyromancers
  6 orc knights
  8 ugly things
  A worldbinder (Abyss:3)
  18 manticores
  15 elephants
  A shining eye (Abyss:3)
  14 fauns
  9 merfolk sirens
  38 black mambas
  7 salamanders
  5 guardian serpents
  A black mamba (shapeshifter) (D:12)
  A molten gargoyle (Lair:5)
  18 naga magi
  3 vault sentinels
  2 gargoyles
  4 smoke demons (Abyss:3)
  9 water nymphs
  2 orange demons
  12 cane toads
  An unseen horror (D:13)
  2 efreet
  4 kobold demonologists
  5 rime drakes
  6 komodo dragons
  An anaconda simulacrum (IceCv)
  5 ice devils (IceCv)
  A tengu conjurer (D:14)
  8 yaktaurs
  A golden dragon simulacrum (IceCv)
  10 freezing wraiths
  10 trolls
  2 ancient zymes (Abyss:3)
  5 polar bears (Lair:2)
  2 hellwings (Abyss:3)
  45 merfolk
  A hornet (D:11)
  6 wind drakes
  3 meliai (D:15)
  13 blink frogs
  3 small abominations
  Prince Ribbit (D:7)
  2 raiju (Abyss:3)
  12 dream sheep
  5 snapping turtles
  10 slime creatures
  15 air elementals
  2 flying skulls (Abyss:3)
  2 centaur simulacra
  12 wyverns
  5 wraiths
  A dire elephant simulacrum (IceCv)
  A ynoxinul (Abyss:3)
  34 water elementals
  45 yaks
  3 fire bats (Lair:1)
  2 shadows
  A basilisk (shapeshifter) (D:14)
  A fire elemental (Lair:1)
  4 basilisks
  3 steam dragons
  A chaos spawn (Abyss:3)
  3 minotaur simulacra (IceCv)
  7 vampire mosquitoes
  2 wargs (Orc:2)
  3 harpy simulacra (IceCv)
  3 large abominations (Abyss:3)
  73 nagas
  10 water moccasins
  5 hell hounds (Lair:5)
  7 black bears
  20 orc warriors
  An ice beast (D:5)
  An ettin simulacrum (IceCv)
  A black bear (shapeshifter) (D:15)
  10 wolves
  40 ogres
  3 boggarts (Vaults:1)
  18 centaurs
  A lemure (D:6)
  6 kobold brigands
  An earth elemental (Elf:3)
  3 gnoll sergeants (D:10)
  15 bullfrogs
  A necrophage (D:6)
  2 scorpions (D:5)
  4 deep troll simulacra (IceCv)
  3 water moccasin zombies (Ossuary)
  16 wights
  A lindwurm simulacrum (IceCv)
  3 electric eels
  9 howler monkeys
  A crimson imp (Abyss:3)
  5 lava snakes (Lair:5)
  A quasit (Abyss:3)
  2 hounds
  7 jellies
  11 orc priests
  3 gnoll boudas
  2 iguanas
  6 hell rats (Lair:3)
  15 orc wizards
  2 polar bear simulacra (D:11)
  A wolf simulacrum (D:11)
  3 yak simulacra (D:11)
  3 mummies
  15 gnolls
  10 adders
  A shadow imp (D:7)
  A white imp (D:7)
  4 adder zombies (Ossuary)
  5 worms
  4 dart slugs
  64 orcs
  2 ball pythons (D:4)
  3 endoplasms
  A giant cockroach (D:2)
  7 goblins
  4 hobgoblins
  4 jackals (D:2)
  18 kobolds
  4 quokkas
  3 training dummies (Snake:3)
  6 bats
  3 frilled lizards (D:1)
  3 gnoll zombies (Ossuary)
  5 hobgoblin zombies (Ossuary)
  8 kobold zombies (Ossuary)
  7 orc zombies (Ossuary)
  2 rats (D:2)
  5 river rat simulacra (D:11)
  A bush (Lair:1)
  2 plants
  5 starspawn tentacles (Abyss:3)
  9 tentacles
1488 creatures vanquished.

Vanquished Creatures (others)
  A tentacled starspawn (Abyss:3)
  4 deep elf knights
  2 deep elf pyromancers (Elf:1)
  2 deep elf zephyrmancers (Elf:1)
  A water elemental (Shoals:4)
  A boggart (Vaults:1)
  A centaur (D:13)
  An orc wizard (D:11)
  A bush (Shoals:3)
  3 demonic plants (Abyss:3)
  4 foxfires (Abyss:3)
  39 fungi
  187 plants
  20 starspawn tentacles (Abyss:3)
  34 tentacles
301 creatures vanquished.

Grand Total: 1789 creatures vanquished

Notes
Turn   | Place    | Note
-------+----------+-------------------------------------------
     0 | D:1      | holysushi the Ogre Berserker began the quest for the Orb.
     0 | D:1      | Reached XP level 1. HP: 24/24 MP: 1/1
    33 | D:1      | Found a faded altar of an unknown god.
   254 | D:1      | Reached XP level 2. HP: 29/32 MP: 2/2
   933 | D:2      | Reached XP level 3. HP: 40/40 MP: 3/3
  1684 | D:2      | Reached XP level 4. HP: 49/49 MP: 4/4
  1784 | D:3      | Found an opulent altar of Gozag.
  1980 | D:3      | Reached skill level 5 in Fighting
  1985 | D:3      | Reached ** piety under Trog
  2103 | D:3      | Identified the +0 robe of the Raven {Contam Int+4}
  2372 | D:3      | Reached XP level 5. HP: 43/57 MP: 5/5
  2471 | D:3      | Identified the +8 dagger of Disarray {venom, rC+ Dex+3
                  | SInv}
  2571 | D:3      | HP: 4/87 [poisoned by an adder]
  2573 | D:3      | HP: 1/58 [poisoned by an adder]
  2706 | D:4      | Found a staircase to the Ecumenical Temple.
  2716 | D:4      | You fall into a shaft and drop 1 floor!
  2716 | D:5      | Entered Level 5 of the Dungeon
  2730 | D:5      | Reached skill level 5 in Maces & Flails
  2730 | D:5      | Reached XP level 6. HP: 67/67 MP: 6/6
  2876 | D:5      | Found a blossoming altar of Fedhas.
  3947 | D:5      | Noticed a black bear
  3953 | D:5      | Reached XP level 7. HP: 61/76 MP: 7/7
  4751 | D:5      | Reached XP level 8. HP: 88/88 MP: 8/8
  5795 | D:6      | Found Plog's Jewellery Shop.
  5855 | D:6      | Found Atzol's Assorted Antiques.
  5858 | D:6      | Found Noasheid's Antique Weapon Emporium.
  5863 | D:6      | Bought a glowing flail for 195 gold pieces
  5863 | D:6      | Bought a fizzy pink potion for 27 gold pieces
  5863 | D:6      | Bought a scroll labelled GIECRE OKKAO for 30 gold pieces
  5863 | D:6      | Bought a potion of curing for 90 gold pieces
  6282 | D:6      | Found Forada's Magic Scroll Emporium.
  6430 | D:6      | Found Xyweral's Distillery.
  6527 | D:7      | Found a transporter.
  6582 | D:7      | Noticed Prince Ribbit
  6594 | D:7      | Reached XP level 9. HP: 87/98 MP: 9/9
  6623 | D:7      | Noticed whiskeysaurus's ghost (novice GnWr)
  6684 | D:6      | Bought a scroll of enchant weapon for 75 gold pieces
  6876 | D:7      | Noticed Pikel
  6972 | D:7      | Identified the +0 helmet of the Doldrums {Str+3 Dex+2}
  7012 | D:7      | Killed Prince Ribbit
  7150 | D:6      | Killed Pikel
  7151 | D:6      | Reached skill level 10 in Fighting
  7410 | D:7      | Found a transporter.
  7521 | D:7      | Found a stormy altar of Qazlal.
  7553 | D:7      | Found a snail-covered altar of Cheibriados.
  7810 | D:7      | Reached skill level 10 in Maces & Flails
  8136 | D:8      | Found a sand-covered staircase.
  8146 | Ossuary  | Entered an ossuary
  8261 | Ossuary  | Reached *** piety under Trog
  8376 | D:8      | Found a staircase to the Lair.
  8433 | D:8      | Reached XP level 10. HP: 113/113 MP: 10/10
  9617 | D:8      | Reached skill level 1 in Stealth
  9617 | D:8      | Reached skill level 1 in Evocations
  9668 | D:8      | Found a glowing golden altar of the Shining One.
  9927 | D:9      | Noticed a cyclops
  9935 | D:9      | Killed a cyclops
 10680 | D:9      | Noticed Erolcha
 10694 | D:9      | Killed Erolcha
 10783 | D:9      | Noticed a kobold demonologist
 10797 | D:9      | Noticed a rust devil
 10797 | D:9      | Killed a kobold demonologist
 10798 | D:9      | Reached XP level 11. HP: 124/124 MP: 11/11
 10926 | D:9      | Found a shadowy altar of Dithmenos.
 11257 | D:10     | Entered Level 10 of the Dungeon
 11393 | D:10     | Found a portal to a secret trove of treasure.
 11582 | D:10     | Noticed a two-headed ogre
 11593 | D:10     | Killed a two-headed ogre
 11594 | D:10     | Reached skill level 5 in Dodging
 11874 | D:10     | Found a staircase to the Orcish Mines.
 12514 | Lair:1   | Entered Level 1 of the Lair of Beasts
 12545 | Lair:1   | Reached **** piety under Trog
 13767 | Lair:1   | Reached XP level 12. HP: 137/139 MP: 12/12
 14275 | Lair:1   | Noticed Amaemon
 14352 | Lair:1   | Killed Amaemon
 15494 | Lair:2   | Found a staircase to the Snake Pit.
 15894 | Lair:2   | Noticed a catoblepas
 15905 | Lair:2   | Killed a catoblepas
 16501 | Lair:2   | Found a staircase to the Shoals.
 17334 | Lair:3   | Reached skill level 15 in Fighting
 17579 | Lair:3   | Reached XP level 13. HP: 137/149 MP: 13/13
 17849 | Lair:3   | Reached skill level 15 in Maces & Flails
 19845 | Lair:5   | Entered Level 5 of the Lair of Beasts
 20338 | Lair:5   | Found a staircase to the Slime Pits.
 21059 | Lair:5   | Reached skill level 10 in Dodging
 21059 | Lair:5   | Reached XP level 14. HP: 162/162 MP: 14/14
 23519 | Lair:5   | Found a large runed translucent door.
 23519 | Lair:5   | Found a large runed translucent door.
 23832 | Orc:1    | Entered Level 1 of the Orcish Mines
 23896 | Orc:1    | Found Veinnaz's Assorted Antiques.
 23905 | Orc:1    | Bought a scroll of enchant weapon for 247 gold pieces
 24376 | Orc:2    | Entered Level 2 of the Orcish Mines
 24507 | Orc:2    | Found a staircase to the Elven Halls.
 24515 | Orc:2    | Noticed an orc warlord
 24992 | Orc:2    | Reached ***** piety under Trog
 25023 | Orc:2    | Reached XP level 15. HP: 174/174 MP: 9/15
 25441 | Orc:2    | Found Hapethru's Armour Shop.
 25441 | Orc:2    | Found Xunyqocs's General Store.
 25442 | Orc:2    | Found Fufroewn's General Store.
 25442 | Orc:2    | Found Qotreski's Assorted Antiques.
 25453 | Orc:2    | Bought a scroll of enchant weapon for 247 gold pieces
 25757 | Orc:2    | Killed an orc warlord
 26030 | Orc:2    | Found a burning altar of Makhleb.
 26249 | D:11     | Received a gift from Trog
 27744 | D:12     | Found a runed translucent door.
 27751 | D:12     | Noticed a storm dragon
 27753 | D:12     | Noticed a sphinx
 27923 | D:12     | Noticed Frances
 27953 | D:12     | Killed Frances
 28459 | D:13     | Found Bagagross's Armour Shop.
 28462 | D:13     | Found Wamnypno's Antique Weapon Shoppe.
 28465 | D:13     | Found a gate to the Vaults.
 28750 | D:13     | Reached XP level 16. HP: 163/185 MP: 14/16
 28937 | D:13     | Found Ydioj's Weapon Boutique.
 28941 | D:13     | Identified the +11 triple sword of Law {flame, rPois} (Trog
                  | gifted it to you on level 13 of the Dungeon)
 28941 | D:13     | Received a gift from Trog
 29143 | D:14     | Found Hugaxiuf's Assorted Antiques.
 29177 | D:14     | Found a stormy altar of Qazlal.
 29632 | D:14     | Found a runed translucent gate.
 29632 | D:14     | Found a runed translucent gate.
 29632 | D:14     | Found a runed translucent gate.
 30204 | D:14     | Noticed Pijotal's ghost (journeyman DjEE)
 30204 | D:14     | Noticed Atuuduag's ghost (journeyman OgGl)
 30204 | D:14     | Noticed Nozufem's ghost (journeyman MiAr)
 30245 | D:15     | Entered Level 15 of the Dungeon
 30757 | D:15     | Noticed Jorgrun
 30771 | D:15     | Killed Jorgrun
 30773 | D:15     | Identified the +5 long sword of Hubris {venom, Str+2}
 31147 | D:15     | Found a staircase to the Depths.
 31403 | Snake:1  | Entered Level 1 of the Snake Pit
 31776 | Snake:1  | Identified Roxanne's Spellbook of the Volcano
 31776 | Snake:1  | Noticed Roxanne
 32026 | Snake:1  | Killed Roxanne
 32361 | Snake:1  | Found a runed translucent gate.
 32361 | Snake:1  | Found a runed translucent gate.
 32361 | Snake:1  | Found a runed translucent gate.
 32370 | Snake:1  | Noticed Kirke
 32585 | Snake:1  | Noticed Aizul
 32596 | Snake:1  | Killed Aizul
 32980 | Snake:1  | Received a gift from Trog
 32992 | Snake:1  | HP: 6/188 [black mamba[a naga ritualist] (16)]
 34464 | Snake:2  | Reached skill level 1 in Armour
 36591 | Snake:2  | Reached XP level 17. HP: 186/198 MP: 14/17
 37189 | Snake:3  | Found Buir's Magic Scroll Boutique.
 37210 | Snake:3  | Bought a scroll of blinking for 127 gold pieces
 37210 | Snake:3  | Bought a scroll of summoning for 161 gold pieces
 37210 | Snake:3  | Bought a scroll of teleportation for 51 gold pieces
 37219 | Snake:3  | Bought a scroll of identify for 34 gold pieces
 37233 | Snake:3  | Found Neagarr's Jewellery Emporium.
 37234 | Snake:3  | Found Ivyebaum's Book Boutique.
 37235 | Snake:3  | Found Fuat's Jewellery Emporium.
 37262 | Snake:3  | Bought an amulet of regeneration for 600 gold pieces
 37627 | Snake:3  | Reached skill level 15 in Dodging
 38041 | Snake:3  | Received a gift from Trog
 38308 | Snake:3  | Found Quklilom's Firing Range.
 38539 | Snake:4  | Entered Level 4 of the Snake Pit
 38751 | Snake:4  | Reached ****** piety under Trog
 38891 | Snake:4  | Found Lider's Weapon Emporium.
 39131 | Snake:4  | Reached skill level 5 in Stealth
 39641 | Snake:4  | Received a gift from Trog
 39919 | Snake:4  | Found Lider's Weapon Emporium.
 40341 | Snake:4  | Reached XP level 18. HP: 62/210 MP: 18/18
 40648 | Snake:4  | Got a serpentine rune of Zot
 40999 | Elf:1    | Entered Level 1 of the Elven Halls
 41222 | Elf:1    | Found Yrif's Book Shoppe.
 41264 | Elf:1    | Received a gift from Trog
 41799 | Elf:1    | Noticed a Hell Sentinel
 42023 | Elf:1    | Found a shimmering altar of Xom.
 42078 | Elf:1    | Found Tecej's General Store.
 42084 | Elf:1    | Bought a potion of heal wounds for 60 gold pieces
 42399 | Elf:2    | Received a gift from Trog
 42799 | Elf:2    | Found a runed translucent gate.
 42799 | Elf:2    | Found a runed translucent gate.
 42799 | Elf:2    | Found a runed translucent gate.
 42800 | Elf:2    | Found an opulent altar of Gozag.
 42802 | Elf:2    | Noticed Veekh's ghost (adept DjHW)
 42809 | Elf:2    | Found Mesoy's Assorted Antiques.
 42971 | Elf:2    | Found a runed translucent gate.
 42971 | Elf:2    | Found a runed translucent gate.
 42971 | Elf:2    | Found a runed translucent gate.
 43005 | Elf:3    | Entered Level 3 of the Elven Halls
 43019 | Elf:3    | Paralysed by an air elemental for 1 turns
 43023 | Elf:3    | Paralysed by an air elemental for 1 turns
 43404 | Elf:3    | Received a gift from Trog
 43414 | Elf:3    | Found Dymim's Book Boutique.
 43414 | Elf:3    | Found Lurae's Antique Weapon Shop.
 43414 | Elf:3    | Found Cabb's Antique Weapon Emporium.
 43600 | Elf:3    | Reached XP level 19. HP: 220/222 MP: 19/19
 44412 | Elf:3    | Received a gift from Trog
 44748 | Elf:3    | Identified the ring of the King {rN+ Str+4 Int+3 SInv}
 45253 | Abyss:2  | Cast into level 2 of the Abyss (a deep elf sorcerer)
 45356 | Abyss:3  | Found a sacrificial altar of Ru.
 45420 | Abyss:3  | Noticed a bone dragon
 45430 | Abyss:3  | Killed a bone dragon
 45534 | Abyss:3  | Found a corrupted altar of Lugonu.
 45705 | Elf:3    | Escaped the Abyss
 45753 | Elf:3    | Identified the +5 short sword "Fuecwo Fodgh" {venom, Str+4
                  | Dex+5}
 45753 | Elf:3    | Identified the ring "Oqoenafe" {Fire *Corrode rElec Int+6}
 45772 | Abyss:3  | Cast into level 3 of the Abyss (a deep elf sorcerer)
 45867 | Abyss:3  | Found a corrupted altar of Lugonu.
 45869 | Elf:3    | Escaped the Abyss
 46150 | Abyss:3  | Cast into level 3 of the Abyss (a deep elf sorcerer)
 46201 | Abyss:3  | Found a corrupted altar of Lugonu.
 46236 | Abyss:3  | Found a corrupted altar of Lugonu.
 46284 | Abyss:3  | Found a corrupted altar of Lugonu.
 46315 | Abyss:3  | Found a corrupted altar of Lugonu.
 46338 | Abyss:3  | Received a gift from Trog
 46344 | Abyss:3  | Reached XP level 20. HP: 84/236 MP: 20/20
 46352 | Abyss:3  | Found a corrupted altar of Lugonu.
 46461 | Abyss:3  | Gained mutation: You occasionally lose the ability to read
                  | scrolls when taking damage. [a shining eye]
 46490 | Abyss:3  | Lost mutation: You occasionally lose the ability to read
                  | scrolls when taking damage. [potion of mutation]
 46490 | Abyss:3  | Gained mutation: Your spells are a little harder to cast,
                  | but a little more powerful. [potion of mutation]
 46490 | Abyss:3  | Gained mutation: You have sharp toenails. [potion of
                  | mutation]
 46492 | Elf:3    | Escaped the Abyss
 46610 | Elf:3    | Identified the +3 ring mail "Nodgho" {*Corrode rElec rPois
                  | rC+++}
 47602 | Shoals:1 | Entered Level 1 of the Shoals
 48613 | Shoals:1 | Received a gift from Trog
 49729 | Shoals:2 | Noticed Nikola
 49741 | Shoals:2 | Killed Nikola
 50206 | Shoals:3 | Found a frozen archway.
 50236 | IceCv    | Entered an ice cave
 50476 | IceCv    | Identified the ring of Jeraodon {*Corrode rElec rPois rC+
                  | Str+9}
 50943 | Shoals:3 | Received a gift from Trog
 51212 | Shoals:3 | Reached XP level 21. HP: 184/247 MP: 21/21
 51604 | Shoals:4 | Entered Level 4 of the Shoals
 51604 | Shoals:4 | Found a stormy altar of Qazlal.
 51617 | Shoals:4 | Paralysed by an air elemental for 1 turns
 51626 | Shoals:4 | Paralysed by an air elemental for 1 turns
 51759 | Shoals:4 | Paralysed by an air elemental for 1 turns
 51864 | Shoals:4 | Identified the ring "Ydwuel" {Fly rC+ Stlth+}
 52056 | Shoals:4 | Reached skill level 1 in Throwing
 52550 | Shoals:4 | Received a gift from Trog
 52716 | Shoals:4 | Paralysed by an air elemental for 1 turns
 52992 | Shoals:4 | Identified the +10 dagger "Qaxauvuce" {venom, *Noise +Blink
                  | rElec rN+++}
 53097 | Shoals:4 | Paralysed by an air elemental for 1 turns
 53262 | Shoals:4 | Got a barnacled rune of Zot
 53591 | Vaults:1 | Entered Level 1 of the Vaults
 53743 | Vaults:1 | Noticed Zenata
 53744 | Vaults:1 | Noticed a dread lich
 53793 | Vaults:1 | Noticed an ancient lich
 53794 | Vaults:1 | Found a radiant altar of Vehumet.
 53798 | Vaults:1 | Found a transporter.
 53919 | Vaults:2 | Received a gift from Trog
 54627 | Vaults:2 | Identified the +0 scimitar of the Bursting Scavenger
                  | {freeze, rPois rC+ Will+ Str+4}
 54920 | Vaults:2 | Received a gift from Trog
 54926 | Vaults:2 | HP: 11/250 [ironbound frostheart (14)]
 54926 | Vaults:2 | Demolished by an ironbound frostheart

Illustrated notes

Levels and vault maps discovered:
D:1:      wheals_arrival_linesprint, layout_basic,
          shapermc_ecumenical_altar_rom_forum
D:2:      layout_rooms
D:3:      layout_basic, nicolae_gozag_cash_rules_everything_around_me,
          minmay_fractal_squares_5
D:4:      layout_rooms, minmay_temple_entry_crystal_x, chequers_avenue
D:5:      minmay_inner_zag, layout_gridville, fedhas_ov_isle_minmay,
          minmay_misc_feat_chi, hangedman_decor_clover_reticule
D:6:      layout_rooms, serial_shops, shop, nicolae_stop_n_shop_2,
          nicolae_square_shop, shop, shop_statue
D:7:      layout_cave_pools, nicolae_overflow_squiral, gammafunk_ghost_hive,
          kennysheep_generic_room_3, uniq_prince_ribbit1, uniq_pikel
D:8:      minmay_evil_eye, layout_layer_cave, tso_altar, lair_entry_dummy,
          gup_ossuary_entry_pyramid
D:9:      layout_long_grid, grunt_dithmenos_smoke_and_mirrors, uniq_erolcha
D:10:     layout_cave_pools, kennysheep_orc_monster_closet_entryway,
          enter_trove_1
D:11:     nzn_winding_woodlands_small [nzn_winding_woodlands_5x15_crooked,
          nzn_winding_woodlands_center_garden,
          nzn_winding_woodlands_5x15_twine], layout_loops_corners,
          eino_house_with_fridge
D:12:     layout_loops_ring, minmay_hidden_floor, uniq_frances
D:13:     layout_gridville, david_vaults_2, serial_shops, shop,
          nicolae_stop_n_shop_2, nicolae_shop_trees
D:14:     layout_layer_cave, nicolae_qazlal_style_of_elements, serial_shops,
          nicolae_shop_overgrown_old_shop, gammafunk_ghost_cemetery, drop_trap
D:15:     grunt_enter_depths_hoard, layout_basic, grunt_decor_junction,
          nicolae_burly_brawl, uniq_jorgrun
Lair:1:   layout_gridlike, nicolae_lair_grazing_beasts
          [nicolae_sub_lair_graze_edge, nicolae_sub_lair_graze_edge,
          nicolae_sub_lair_graze_edge, nicolae_sub_lair_graze_edge],
          uniq_amaemon
Lair:2:   beast_lair_carwin_large_2, layout_gridlike, shoals_dummy_entry,
          guppyfry_snake_entry_garden
Lair:3:   layout_cave_pods, beast_lair_carwin_10, infiniplex_staircase_pool,
          serial_bayou_shore_b
Lair:4:   layout_regular_city
Lair:5:   cheibrodos_lair_end_hotspot, layout_cave_pods, slime_entry_1
Shoals:1: cheibrodos_shoals_baths, layout_shoals
Shoals:2: layout_shoals, nicolae_shoals_shepherds, uniq_nikola
Shoals:3: argonaut_golden_fleece, layout_shoals,
          portal_ice_cave_entry_pillars_2, nicolae_shoals_kraken_party
Shoals:4: shoals_end_hellmonk_storm_palace [storm_palace_center_circular,
          storm_palace_corner_reverse_hut, storm_palace_corner_reverse_hut,
          storm_palace_corner_altar, storm_palace_corner_reverse_hut]
Snake:1:  layout_basic, nicolae_snake_horde_hoard, uniq_aizul, uniq_roxanne,
          uniq_kirke
Snake:2:  layout_cave_pods
Snake:3:  layout_misc_corridors, serial_shops, nicolae_shop_statue_plus,
          grunt_ministairs_12, st_stairs_13, nicolae_snake_gridmaze_squiggle,
          nicolae_shop_firing_range, grunt_megastairs_3, minmay_shop_grove,
          serial_bayou_shore_a
Snake:4:  minmay_snake_end_coiled, layout_cave_town, serial_shops,
          nicolae_shop_advertising_works [nicolae_subvault_shop_adworks]
Orc:1:    layout_diamond_mine, serial_shops, shop
Orc:2:    st_orc_ogre_mass, layout_caves, bloody_makhleb
Elf:1:    eino_elf_arrival_shootout, layout_geoelf_octagon, basic_altar,
          serial_shops, nicolae_shop_statue_plus, shop, minmay_elf_demonology
Elf:2:    elven_hall_of_blades_hangedman_original [mumra_blade_entry_dagger],
          layout_loops_corners, ebering_ghost_gozag, dreamdust_wishing_well
Elf:3:    minmay_elf_hall_x, layout_geoelf_grid, nicolae_wooded_promenade,
          corner_web_ring
Vaults:1: gammafunk_sealed_library, nicolae_vaults_sealed_display,
          layout_vaults_maze_bifur, uniq_zenata
Vaults:2: vaults_standard_mumra_x, nicolae_vaults_theta,
          ontoclasm_vaults_misaligned, nicolae_vaults_network_periphery,
          v_rooms_1, grunt_vaults_twisty, vaults_room_large_hall,
          ontoclasm_vaults_hangar, v_misc_11, layout_vaults_omnibox, uniq_xtahua

Skill      XL: |  1  2  3  4  5  6  7  8  9 10 11 12 13 14 15 16 17 18 19 20 21 |
---------------+----------------------------------------------------------------+-----
Maces & Flails | 3 4 5 7 8 10 11 13 14 15 17 18 19 20 21 22 23 | 23.3
Fighting       | 5 6 7 9 11 12 14 15 16 17 18 19 20 21 22 23 | 23.4
Dodging        | 4 5 7 10 11 13 14 15 17 18 19 20 | 20.3
Stealth        | 2 3 5 |  5.0
Evocations     | 2 |  2.0
Armour         | 1 |  1.0
Throwing       | 4 |  4.4

Action                   |  1- 3 |  4- 6 |  7- 9 | 10-12 | 13-15 | 16-18 | 19-21 || total
-------------------------+-------+-------+-------+-------+-------+-------+-------++-------
Melee: Mace              |   103 |    62 |       |       |       |       |       ||   165
       Punch             |     3 |     1 |     2 |       |       |       |       ||     6
       Flail             |       |    78 |    97 |       |       |       |       ||   175
       Giant club        |       |       |   142 |   453 |   960 |  1315 |  1526 ||  4396
       Kick              |       |       |       |       |       |       |   474 ||   474
       Maul              |       |       |       |       |       |       |    86 ||    86
Invok: Berserk           |     3 |    10 |    14 |    24 |    16 |    13 |    13 ||    93
       Trog's Hand       |       |       |       |     1 |     2 |       |       ||     3
Evoke: Wand              |       |       |     3 |       |     2 |       |     3 ||     8
  Use: Scroll            |     4 |     8 |     9 |     5 |    13 |    11 |    15 ||    65
       Potion            |       |     3 |     2 |     1 |       |     4 |     5 ||    15
 Stab: Sleeping          |       |       |     1 |     4 |     4 |    21 |     8 ||    38
       Paralysed         |       |       |       |       |     3 |       |       ||     3
       Distracted        |       |       |       |       |       |     3 |     4 ||     7
Armor: Animal skin       |    42 |    38 |    48 |    29 |       |       |       ||   157
       Steam dragon scal |       |       |       |   117 |   126 |    47 |       ||   290
       Troll leather arm |       |       |       |       |       |    48 |   147 ||   195
Dodge: Dodged            |    71 |    89 |   134 |   333 |   734 |  1336 |  1751 ||  4448
       Repelled          |       |       |       |       |       |    87 |    41 ||   128

Table legend: (Time is in decaauts)
 A = Elapsed time spent in this place.
 B = Non-inter-level travel time spent in this place.
 C = Inter-level travel time spent in this place.
 D = Time resting spent in this place.
 E = Time spent auto-exploring this place.
 F = Levels seen in this place.
 G = Mean time per level.
                   A        B        C        D        E       F      G
               +--------+--------+--------+--------+--------+-----+--------+
         Total |  54801 |  51669 |   3132 |  14792 |  22197 |  41 | 1336.6 |
       Dungeon |  19651 |  18473 |   1178 |   5637 |   9319 |  15 | 1310.1 |
          Lair |  10487 |   9790 |    697 |   3775 |   4121 |   5 | 2097.4 |
        Shoals |   5032 |   4839 |    193 |    749 |   1819 |   4 | 1258.0 |
     Snake Pit |   9078 |   8544 |    534 |   2584 |   3476 |   4 | 2269.5 |
  Orcish Mines |   2465 |   2244 |    221 |    744 |    902 |   2 | 1232.5 |
   Elven Halls |   5204 |   4899 |    305 |   1150 |   1654 |   3 | 1734.7 |
        Vaults |   1217 |   1217 |      0 |      0 |    741 |   2 |  608.5 |
         Abyss |    818 |    818 |      0 |     20 |      0 |   4 |  204.5 |
       Ossuary |    197 |    197 |      0 |     19 |      0 |   1 |  197.0 |
      Ice Cave |    647 |    647 |      0 |    112 |    165 |   1 |  647.0 |
               +--------+--------+--------+--------+--------+-----+--------+

Top non-repeatable levels by time:
 Snake:2: 3622 daAuts
  Lair:5: 3470 daAuts
     D:8: 3452 daAuts
   Elf:3: 2256 daAuts
  Lair:3: 2089 daAuts
 Snake:4: 2080 daAuts
     D:5: 2004 daAuts
 Snake:1: 1918 daAuts
  Lair:2: 1761 daAuts
   Elf:2: 1745 daAuts
Shoals:4: 1714 daAuts
  Lair:1: 1662 daAuts
     D:3: 1537 daAuts
  Lair:4: 1504 daAuts
     D:9: 1466 daAuts
